 Dungeon Crawl Stone Soup version 0.20.1-1-g8b1a95d (webtiles) character file.

297 heybroken the Chiller (level 6, -2/42 HPs)
             Began as a Vampire Ice Elementalist on Aug 4, 2017.
             Was a Believer of Qazlal.
             Killed from afar by lotsofdiagrams's ghost (10 damage)
             ... with a blast of sand
             ... on level 4 of the Dungeon.
             The game lasted 00:17:58 (3822 turns).

heybroken the Chiller (Vampire Ice Elementalist)    Turns: 3822, Time: 00:17:58

Health: -2/42      AC:  2    Str:  7    XL:     6   Next: 12%
Magic:  12/12      EV: 13    Int: 19    God:    Qazlal [**....]
Gold:   179        SH:  2    Dex: 15    Spells: 12/13 levels left

rFire    . . .     SeeInvis +   (no weapon)
rCold    . . .     Gourm    .   (no shield)
rNeg     + . .     Faith    .   a - +0 robe
rPois    +         Spirit   .   (no helmet)
rElec    .         Reflect  .   (no cloak)
rCorr    .         Harm     .   (no gloves)
MR       .....                  (no boots)
Stlth    ++........             (no amulet)
Regen    0.2/turn               j - ring of poison resistance
MPRegen  0.2/turn               s - ring of flight

@: no status effects
A: fangs 3, see invisible, unbreathing
a: Bat Form, Upheaval, Renounce Religion, Evoke Flight


You were on level 4 of the Dungeon.
You worshipped Qazlal.
Qazlal was pleased with you.
You were not thirsty.

You visited 1 branch of the dungeon, and saw 4 of its levels.

You collected 179 gold pieces.

Inventory:

Armour
 a - a +0 robe (worn)
 c - a +0 robe
Jewellery
 j - a ring of poison resistance (left hand)
 s - a ring of flight (right hand)
 u - a cursed -2 ring of evasion {unknown}
Scrolls
 f - a scroll of enchant weapon {unknown}
 g - a scroll of identify
 h - a scroll of blinking {unknown}
 i - a scroll of remove curse {unknown}
 k - 2 scrolls of teleportation {unknown}
 l - a scroll of magic mapping {unknown}
 n - a scroll of enchant armour {unknown}
Potions
 d - 2 potions of heal wounds {unknown}
 e - 3 potions of magic {unknown}
 m - 2 potions of curing {unknown}
 o - a potion of agility {unknown}
 p - a potion of lignification {unknown}
 q - a potion of berserk rage {unknown}
 r - a potion of flight {unknown}
 t - a potion of might {unknown}
Books
 b - a book of Frost

   Spells                             Type                      Level
   a - Freeze                         Ice                          1
   b - Throw Frost                    Conjuration/Ice              2
   c - Ozocubu's Armour               Charms/Ice                   3
   d - Throw Icicle                   Conjuration/Ice              4
   e - Summon Ice Beast               Ice/Summoning                4


   Skills:
 + Level 0.3 Fighting
 + Level 2.5 Dodging
 + Level 3.4 Stealth
 + Level 4.3 Spellcasting
   Level 0.6 Conjurations
 + Level 5.0 Ice Magic


You had 12 spell levels left.
You knew the following spells:

 Your Spells              Type           Power        Failure   Level  Hunger
a - Freeze                Ice            ###.         1%          1    None


Dungeon Overview and Level Annotations

Branches:
Dungeon (4/15)
 Temple: D:4-7

Altars:
Qazlal
Ru
Uskayaw
Xom

Annotations:
D:4 lotsofdiagrams's ghost, amateur GrEE


Innate Abilities, Weirdness & Mutations

You have razor-sharp teeth.
You have supernaturally acute eyesight. (SInv)
You can survive without breathing.


Message History

You freeze the ogre.
The ogre is lightly wounded.
The ogre hits you with a giant club!!
Ouch! That really hurt!
Lotsofdiagrams's ghost turns its malevolent gaze towards you.
You block the ogre's attack. Lotsofdiagrams's ghost hits you!
* * * LOW HITPOINT WARNING * * *
You hit lotsofdiagrams's ghost.
Lotsofdiagrams's ghost is lightly damaged.
Lotsofdiagrams's ghost casts a spell at you.
The stone arrow misses you.
The stone arrow hits the ogre.
The ogre dies!
Your Ice Magic skill increases to level 5!
You closely miss lotsofdiagrams's ghost.
You bite lotsofdiagrams's ghost.
Lotsofdiagrams's ghost is lightly damaged.
Lotsofdiagrams's ghost gestures at you while chanting.
The blast of sand hits you!
You die...

#.#.# #.#.# #.#.#
#.#.#######
#.#.......#
#...#####.# ###.#
#.# #)# #.# #@#
#.# #W# #.#
####### #.#####.#
#......
#.##....####.#####
#.##.###..........
#.##.# #.###.#####
#.##.# #.# #.#####
#.##.###.# #......
#.....# #######


You could see lotsofdiagrams's ghost.

Vanquished Creatures
  The ghost of eowindel the Vexing, an amateur DsEn (D:3)
  An iguana (D:4)
  An orc wizard (D:3)
  A worker ant (D:4)
  6 adders
  A worm (D:2)
  4 leopard geckos
  8 orcs
  7 bats
  5 giant cockroaches
  9 goblins
  9 hobgoblins
  2 quokkas (D:4)
  A ball python (D:2)
  2 frilled lizards
  9 kobolds
  3 rats
70 creatures vanquished.

Vanquished Creatures (others)
  An ogre (D:4)
1 creature vanquished.

Grand Total: 71 creatures vanquished

Notes
Turn   | Place    | Note
-------+----------+-------------------------------------------
     0 | D:1      | heybroken the Vampire Ice Elementalist began the quest for the Orb.
     0 | D:1      | Reached XP level 1. HP: 13/13 MP: 3/3
   375 | D:1      | Reached XP level 2. HP: 8/19 MP: 0/5
  1364 | D:2      | Found a sacrificial altar of Ru.
  1365 | D:2      | Reached XP level 3. HP: 24/24 MP: 4/6
  1698 | D:2      | Found a shimmering altar of Xom.
  1860 | D:2      | Reached skill level 4 in Ice Magic
  1917 | D:2      | Reached XP level 4. HP: 30/30 MP: 5/8
  2040 | D:2      | Found a hide-covered altar of Uskayaw.
  2106 | D:2      | Found a faded altar of an unknown god.
  2270 | D:2      | Became a worshipper of Qazlal Stormbringer
  2270 | D:2      | Reached * piety under Qazlal
  2837 | D:3      | Noticed eowindel's ghost (amateur DsEn)
  2876 | D:3      | Killed eowindel's ghost
  2876 | D:3      | Reached XP level 5. HP: 30/36 MP: 2/11
  3526 | D:4      | Reached ** piety under Qazlal
  3672 | D:4      | Reached XP level 6. HP: 37/42 MP: 7/12
  3792 | D:4      | Noticed lotsofdiagrams's ghost (amateur GrEE)
  3821 | D:4      | Reached skill level 5 in Ice Magic
  3822 | D:4      | Killed from afar by lotsofdiagrams's ghost

Skill      XL: |  1  2  3  4  5  6 |
---------------+-------------------+-----
Spellcasting   | 3 4 |  4.3
Ice Magic      | 4 5 |  5.0
Fighting       | |  0.3
Dodging        | |  2.5
Stealth        | |  3.4
Conjurations   | |  0.6

Action                   |  1- 3 |  4- 6 || total
-------------------------+-------+-------++-------
Melee: Unarmed           |     1 |     3 ||     4
       Bite              |       |     1 ||     1
 Cast: Freeze            |    62 |    59 ||   121
 Abil: End Transformatio |     1 |       ||     1
       Bat Form          |     1 |       ||     1
  Use: Scroll            |       |     3 ||     3
  Eat: Corpse            |     9 |     4 ||    13
Armor: Robe              |    13 |     4 ||    17
Dodge: Dodged            |    29 |    44 ||    73
Block: Other             |       |     3 ||     3
